 Dungeon Crawl Stone Soup version 0.14-a0-1330-g3eed206 (webtiles) character file.

86 PolkaDot the Cutter (level 3, 0/28 HPs)
             Began as a Vampire Death Knight on Dec 6, 2013.
             Was a Follower of Yredelemnul.
             Slain by an adder (1 damage)
             ... while paralysed by a potion of paralysis
             ... on Level 2 of the Dungeon.
             The game lasted 00:03:54 (1198 turns).

PolkaDot the Cutter (Vampire Death Knight)          Turns: 1198, Time: 00:03:54

HP   0/28        AC  3     Str 12      XL: 3   Next: 32%
MP   3/4         EV  2     Int 13      God: Yredelemnul [*.....]
Gold 45          SH  0     Dex 14      Spells:  0 memorised,  2 levels left

rFire  . . .     SeeInvis +     a - +1 short sword
rCold  . . .     Clarity  .     b - +0 leather armour
rNeg   + . .     Conserve .     (no shield)
rPois  .         rCorr    .     (no helmet)
rElec  .         rRot     .     (no cloak)
SustAb . .       Spirit   .     (no gloves)
rMut   .         Warding  .     (no boots)
Saprov . . .     Stasis   .     (no amulet)
                                (no ring)
                                (no ring)

@: paralysed, mildly poisoned, slightly resistant to hostile enchantments,
unstealthy
A: fangs 3, see invisible, unbreathing
a: Bat Form, Animate Remains, Renounce Religion


You were on level 2 of the Dungeon.
You worshipped Yredelemnul.
Yredelemnul was aware of your devotion.
You were not thirsty.

You visited 1 branch of the dungeon, and saw 2 of its levels.

You collected 45 gold pieces.

Inventory:

Hand weapons
 a - a +1,+1 short sword (weapon)
Armour
 b - a +0 leather armour (worn)
Scrolls
 d - 3 scrolls of identify {unknown}
 h - 2 scrolls of remove curse {unknown}
 i - a scroll of recharging {unknown}
 l - a scroll of blinking {unknown}
 m - a scroll of enchant weapon II {unknown}
Potions
 e - a potion of agility {unknown}
 f - a potion of heal wounds {unknown}
 g - a potion of restore abilities
 j - a potion of paralysis
 k - a potion of lignification {unknown}


   Skills:
 * Level 2.6 Fighting
 + Level 3.1 Short Blades
 - Level 0.7 Armour
 + Level 1.7 Dodging
 - Level 2.4 Invocations


You had 2 spell levels left.
You didn't know any spells.

Dungeon Overview and Level Annotations

Branches:
Dungeon (2/16)

Altars:


Innate Abilities, Weirdness & Mutations

You have razor-sharp teeth.*
You have supernaturally acute eyesight.
You can survive without breathing.*


Message History

The adder is heavily wounded.
The adder barely misses you.
You completely miss the adder.
The adder is heavily wounded.
The adder bites you.
* * * LOW HITPOINT WARNING * * *
You hit the adder but do no damage. Your bite misses the adder.
The adder is heavily wounded.
* * * LOW HITPOINT WARNING * * *
You feel sick. The adder bites you but does no damage.
Drink which item? (? for menu, Esc to quit)
You feel refreshed.
It was a potion of restore abilities.
The adder bites you.
* * * LOW HITPOINT WARNING * * *
The adder bites you.
* * * LOW HITPOINT WARNING * * *
Drink which item? (? for menu, Esc to quit)
You suddenly lose the ability to move!
It was a potion of paralysis.
The adder bites you.
You die...
Yredelemnul claims you as an undead slave.

## ################ #.
#.....(......@.# #.
#.....########S# #.
#..... #.# ##### #.
#..... #)# #....####.
#..... #)# #.........
#K.... #.# #..<......
.....
#######.######.........
....
+............+.........
.
#######.######.........


You could see an adder.

Vanquished Creatures
  An adder (D:2)
  A giant cockroach (D:2)
  4 goblins
  3 hobgoblins
  4 bats (D:1)
  3 giant newts
  10 kobolds
  6 rats
32 creatures vanquished.

Vanquished Creatures (others)
  A giant cockroach zombie (D:2)
  A goblin zombie (D:2)
  A hobgoblin zombie (D:2)
  A kobold zombie (D:2)
4 creatures vanquished.

Grand Total: 36 creatures vanquished

Notes
Turn   | Place    | Note
--------------------------------------------------------------
     0 | D:1      | PolkaDot, the Vampire Death Knight, began the quest for the Orb.
     0 | D:1      | Reached XP level 1. HP: 16/16 MP: 1/1
   313 | D:1      | Reached XP level 2. HP: 20/22 MP: 2/2
   868 | D:2      | Reached XP level 3. HP: 13/28 MP: 4/4
   869 | D:2      | Reached skill level 3 in Short Blades
  1197 | D:2      | HP: 1/28 [adder (3)]
  1198 | D:2      | Paralysed by a potion of paralysis for 5 turns
  1198 | D:2      | Slain by an adder

Action                   || total
-------------------------++-------
Melee: Short sword       ||   121
Invok: Animate Remains   ||     4
  Use: Potion            ||     3
